 Dungeon Crawl Stone Soup version 0.31-a0-716-gc7603755dd (webtiles) character file.

Game seed: 429351240179249258

58 Conn the Sneak (level 4, -2/27 HPs)
             Began as an Octopode Fire Elementalist on Sept 10, 2023.
             Slain by a goblin
             ... wielding a +0 dagger
              (3 damage)
             ... on level 3 of the Dungeon.
             The game lasted 00:04:02 (1776 turns).

Conn the Sneak (Octopode Fire Elementalist)         Turns: 1776, Time: 00:04:03

Health: -2/27      AC:  1    Str:  7    XL:     4   Next: 2%
Magic:  1/7        EV: 13    Int: 19    God:
Gold:   111        SH:  0    Dex: 12    Spells: 4/7 levels left

rFire   + . .        b - +0 dagger
rCold   + . .        (no shield)
rNeg    . . .        (helmet restricted)
rPois   +            (no amulet)
rElec   +            (no ring)
rCorr   +            (no ring)
SInv    .            (no ring)
Will    .....        (no ring)
Stlth   +++          (no ring)
HPRegen 0.24/turn    (no ring)
MPRegen 0.10/turn    (no ring)
                     (no ring)

%: no passive effects
@: resistant
A: almost no armour, amphibious, 8 rings, camouflage 1, gelatinous body 1,
(nimble swimmer 1), tentacles
a: no special abilities


You were on level 3 of the Dungeon.
You visited 1 branch of the dungeon, and saw 4 of its levels.

You collected 111 gold pieces.

Inventory:

Hand Weapons
 b - a +0 dagger (weapon)
Missiles
 h - 3 datura-tipped darts
Scrolls
 f - a scroll of identify {unknown}
 g - a scroll of vulnerability {unknown}
Potions
 a - 2 potions of magic
 c - a potion of curing {unknown}
 e - a potion of heal wounds {unknown}
 i - a potion of resistance
 j - a potion of haste {unknown}


   Skills:
 + Level 2.5 Dodging
 + Level 3.5 Stealth
 + Level 2.4 Spellcasting
 + Level 1.8 Conjurations
 + Level 3.4 Fire Magic


You had 4 spell levels left.
You knew the following spells:

 Your Spells              Type           Power      Damage    Failure   Level
a - Foxfire               Conj/Fire      48%        2x1d6     5%          1
b - Scorch                Fire           30%        2d6       6%          2

Your spell library contained the following spells:

 Spells                   Type           Power      Damage    Failure   Level
 Inner Flame              Hex/Fire       8%         N/A       24%         3
 Volatile Blastmotes      Fire/Tloc      16%        2d11      24%         3
 Flame Wave               Conj/Fire      12%        2d6       50%         4


Dungeon Overview and Level Annotations

Branches:
Dungeon (4/15)
 Temple: D:4-7

Altars:
Fedhas


Innate Abilities, Weirdness & Mutations

You cannot wear most types of armour.
You are amphibious.
You can wear up to eight rings at the same time.
Your skin changes colour to match your surroundings (Stealth+).
Your rubbery body absorbs attacks. (AC +1, EV +1)
((You are camouflaged when in or above water. (Stealth+)))
You have tentacles for arms and can constrict up to eight enemies at once.


Message History

Your magical contamination has completely faded away.
You see here a +2 short sword of draining.
As you read the scroll labelled TUFOXTA JOCISTEU, it crumbles to dust.
You assume a fearsome visage.
The worm looks frightened!
The orc looks frightened! x2
The orc shouts!
The worm looks frightened!
It was a scroll of fear.
The goblin shouts!
You see here a +2 short sword of draining.
Casting: Scorch (safe; 6% risk of failure)
Confirm with . or Enter, or press ? or * to list all spells.
You conjure some foxfire!
Unknown command.
You barely miss the worm. You grab the worm.
You squeeze the worm, but do no damage. You constrict the worm.
The foxfire hits the goblin.
The goblin is heavily wounded.
The foxfire hits the goblin.
The goblin is severely wounded.
Unknown command.
You release your grip on the worm.
The worm attacks as it pursues you! The worm bites you!
* * * LOW HITPOINT WARNING * * *
The goblin hits you with a +0 dagger.
* * * LOW HITPOINT WARNING * * *
Unknown command.
Okay, then.
Unknown command.
Okay, then.
Unknown command.
Unknown command.
Sorry, you're not good enough to have a special ability.
Unknown command.
Unknown command.
Unknown command.
Unknown command.
It was a potion of resistance.
You feel protected. The worm barely misses you.
The goblin hits you with a +0 dagger.
You die...

..........# ###..#
.).....>..#####...#
............o.o...######## ###
.........######..........##.).
.##.....## #####..###..#o#####
####### ##)............
##......#### #
####..8.8..[..###.
#####@)...._..###.....
#...wg###.8.8.# ####?.
##>##### #.....# ###.# ####..#
####.#####...#
##....##########w.w.....###
#.....)...w......########
##################


You could see a worm and a goblin.

Vanquished Creatures
  A dart slug (D:1)
  6 orcs (D:3)
  2 endoplasms (D:2)
  8 giant cockroaches
  A goblin (D:3)
  4 hobgoblins
  3 quokkas (D:1)
  5 ball pythons
  A bat (D:3)
  4 frilled lizards
  5 kobolds
  6 rats
46 creatures vanquished.

Vanquished Creatures (collateral kills)
  A foxfire (D:1)
1 creature vanquished.

Vanquished Creatures (others)
  88 foxfires
88 creatures vanquished.

Grand Total: 135 creatures vanquished

Notes
Turn   | Place    | Note
-------+----------+-------------------------------------------
     0 | D:1      | Conn the Octopode Fire Elementalist began the quest for the
                  | Orb.
     0 | D:1      | Reached XP level 1. HP: 11/11 MP: 3/3
    96 | D:1      | Reached XP level 2. HP: 13/17 MP: 0/5
   884 | D:2      | Reached XP level 3. HP: 21/21 MP: 6/6
  1218 | D:2      | Found a blossoming altar of Fedhas.
  1637 | D:3      | Found a faded altar of an unknown god.
  1746 | D:3      | Learned a level 2 spell: Scorch
  1756 | D:3      | Reached XP level 4. HP: 20/27 MP: 0/7
  1775 | D:3      | HP: 1/27 [goblin/+0 dagger (1)]
  1776 | D:3      | Slain by a goblin

Illustrated notes

Levels and vault maps discovered:
D:1:      spicycebolla_green_bress_n_ham_2, layout_rooms, serial_forest,
          infiniplex_forest_clump_cross, infiniplex_forest_straight_3,
          infiniplex_forest_clump_cross, infiniplex_forest_diagonal,
          infiniplex_forest_lined_3, infiniplex_forest_lined_3,
          infiniplex_forest_lined_3_way, serial_bayou_pond_e, dk_noncrumbling_4,
          hex_large, hangedman_abyss_or_decor_stabs, solitary_fountain
D:2:      layout_loops_cross, basic_altar
D:3:      layout_rooms, chequers_ecumenical_altar_simple
D:4:      layout_basic, temple_doors_e, serial_shops, kennysheep_mini, uniq_ijyb

Skill      XL: |  1  2 |
---------------+-------+-----
Stealth        | 3 |  3.5
Dodging        | |  2.5
Spellcasting   | |  2.4
Conjurations   | |  1.8
Fire Magic     | |  3.4

Action                     |  1- 3 |  4- 6 || total
---------------------------+-------+-------++-------
  Melee: Dagger            |    55 |     2 ||    57
         Constrict         |    12 |     2 ||    14
         Tentacles         |     8 |     2 ||    10
   Cast: Foxfire           |    49 |     1 ||    50
         Scorch            |     2 |       ||     2
    Use: Scroll            |       |     1 ||     1
         Potion            |       |     1 ||     1
   Stab: Sleeping          |     6 |       ||     6
 Armour: Skin              |    17 |     4 ||    21
  Dodge: Dodged            |    43 |     1 ||    44

Table legend: (Time is in decaauts)
 A = Elapsed time spent in this place.
 B = Non-inter-level travel time spent in this place.
 C = Inter-level travel time spent in this place.
 D = Time resting spent in this place.
 E = Time spent auto-exploring this place.
 F = Levels seen in this place.
 G = Mean time per level.
                   A        B        C        D        E       F      G
               +--------+--------+--------+--------+--------+-----+--------+
         Total |   1775 |   1742 |     33 |     51 |   1143 |   4 |  443.8 |
       Dungeon |   1775 |   1742 |     33 |     51 |   1143 |   4 |  443.8 |
               +--------+--------+--------+--------+--------+-----+--------+

Top non-repeatable levels by time:
     D:1: 880 daAuts
     D:2: 736 daAuts
     D:3: 103 daAuts
     D:4: 54 daAuts
